 Dungeon Crawl Stone Soup version 0.31-a0-455-g1a7b003ef0 (webtiles) character file.

Game seed: 6894581887375971722

43 Xavori the Trooper (level 3, 20/20 (30) HPs)
             Began as a Djinni Chaos Knight on Aug 3, 2023.
             Was a Plaything of Xom.
             Quit the game on level 1 of the Dungeon.
             The game lasted 00:02:18 (10981 turns).

Xavori the Trooper (Djinni Chaos Knight)           Turns: 10981, Time: 00:02:19

HP:   20/20 (30)    AC:  7    Str: 10 (11) XL:     3   Next: 82%
Gold: 230           EV: 11    Int: 13      God:    Xom [......] SH:  4 Dex: 10 (12)

rFire   + + .        a - +0 falchion (chaos)
rCold   x . .        (no shield)
rNeg    . . .        b - +2 leather armour
rPois   ∞            (no helmet)
rElec   .            h - +1 cloak
rCorr   .            (no gloves)
SInv    .            (boots unavailable)
Will    .....        (no amulet)
Stlth   +            (no ring)
HPRegen 0.23/turn    (no ring)
MPRegen 0.00/turn

%: clarity
@: flying, very heavily drained, bezotted
A: sickness immunity, fire resistance 2, cold vulnerability 1, float, innate
caster, HP casting, extra vitality 1, large bone plates 1, clarity, mutation
resistance 1, screaming 1, weak 1, wild magic 1
a: Renounce Religion


You were on level 1 of the Dungeon.
You worshipped Xom.
You were a very special plaything of Xom.
You visited 1 branch of the dungeon, and saw 2 of its levels.

You collected 230 gold pieces.

Inventory:

Hand Weapons
 a - a +0 falchion of chaos (weapon)
 i - the +7 great mace "Undeadhunter" {deathbane, rN+}
   (Xom gifted it to you on level 2 of the Dungeon)

   rN:        It protects you from negative energy.
Armour
 b - a +2 leather armour (worn)
 h - a +1 cloak (worn)
Scrolls
 c - a scroll of butterflies
 g - a scroll of torment {unknown}
Potions
 d - a potion of invisibility {unknown}
 e - a potion of ambrosia {unknown}
 f - a potion of curing {unknown}


   Skills:
 + Level 3.3 Fighting
 + Level 3.2 Long Blades
 + Level 1.2 Armour
 + Level 2.4 Dodging
 * Level 0.4 Spellcasting
 * Level 0.4 Conjurations
 * Level 0.4 Hexes
 * Level 0.4 Summonings
 * Level 0.4 Necromancy
 * Level 0.4 Translocations
 * Level 0.4 Transmutations
 * Level 0.4 Fire Magic
 * Level 0.4 Ice Magic
 * Level 0.4 Air Magic
 * Level 0.4 Earth Magic
 * Level 0.4 Poison Magic


You knew the following spells:

 Your Spells              Type           Power      Damage    Failure   Level
a - Magic Dart            Conj           4%         1d3       41%         1
Your spell library was empty.

Dungeon Overview and Level Annotations

Branches:
Dungeon (2/15) Zot: 999

Altars:


Innate Abilities, Weirdness & Mutations

You are immune to sickness and miasma.
You are immune to poison.
Your flesh is very heat resistant. (rF++)
You are vulnerable to cold. (rC-)
You float through the air rather than walking.
You learn spells naturally, not from books.
Your magical power is your life essence.
You have superior vitality. (+4 MHP)
You are partially covered in large bone plates. (SH +4)
You possess an exceptional clarity of mind.
You are somewhat resistant to further mutation.
You occasionally shout uncontrollably at your foes.
You are weak. (Str -2)
Your spells are a little harder to cast, but a little more powerful.


Message History

There are monsters nearby!
There are monsters nearby!
There are monsters nearby!
There are monsters nearby!
The crimson imp blinks!
You fly downwards.
There is a stone staircase leading up here.
You start waiting. "Suffer!"
You feel drained.
You start waiting.
Done waiting.
You start waiting.
Done waiting.
You start waiting.
Done waiting.
You fly upwards.
There is a stone staircase leading down here.
You see here 2 stones.
You start waiting.
Done waiting.
You start waiting.
Done waiting.
You start waiting.
Done waiting.
You start waiting.
Done waiting.
You start waiting.
Done waiting.
You start waiting.
Done waiting.
You start waiting.
Done waiting.
You start waiting.
Done waiting.
You start waiting.
Done waiting.
You start waiting.
You have lingered too long.
Zot senses you.
Dive deeper or flee this branch before you suffer!
Are you sure you want to abandon this character and quit the game? (Confirm with "yes".)

#............# #..
#............# #..
#...#........# #..
#...#........###..
#...'.............
#...#......##.....
#...#......##....†
#.###......##....÷
#@................
#.##........##†...
###+##..........##..
#...............###.
#.....#.........# #.
#.....#.)......## ##
#.....#........#####
#.....#........##...
#.....#.####'####...


There were no monsters in sight!

Vanquished Creatures
  A dart slug (D:1)
  4 bats (D:1)
  2 endoplasms (D:1)
  A giant cockroach (D:1)
  4 hobgoblins (D:1)
  7 jackals (D:1)
  A quokka (D:1)
  4 ball pythons (D:1)
  5 frilled lizards (D:1)
  3 goblins
  2 kobolds
  4 rats (D:1)
38 creatures vanquished.

Notes
Turn   | Place    | Note
-------+----------+-------------------------------------------
     0 | D:1      | Xavori the Djinni Chaos Knight began the quest for the Orb.
     0 | D:1      | Reached XP level 1. HP: 20/20 MP: 0/0
   124 | D:1      | Reached XP level 2. HP: 25/25 MP: 0/0
   258 | D:1      | Found a faded altar of an unknown god.
   399 | D:1      | XOM: silly message
   501 | D:1      | Reached XP level 3. HP: 30/30 MP: 0/0
   501 | D:1      | Learned a level 1 spell: Magic Dart
   640 | D:1      | XOM: noise
  2960 | D:1      | XOM is BORED!
  2960 | D:1      | XOM: silly message
  3050 | D:1      | XOM: silly message
  3314 | D:1      | XOM: scenery: 1 doors open, 2 doors close
  4150 | D:1      | XOM is BORED!
  4150 | D:1      | XOM: summons 2 hostile demons
  4207 | D:2      | XOM: scenery: 1 doors open
  4292 | D:2      | XOM: god gift: +7 great mace "Undeadhunter" {deathbane,
                  | rN+}
  4293 | D:2      | Found the +7 great mace "Undeadhunter" {deathbane, rN+}
  4584 | D:2      | XOM: cloud trail
  5031 | D:1      | XOM: god gift: runed dagger {god gift}
  5466 | D:1      | XOM: scenery: 2 doors open, 1 doors close
  5528 | D:1      | XOM: god gift: 54 gold pieces
  5661 | D:1      | XOM: stat loss: -1 Dex (11/12)
  5735 | D:1      | XOM: summons 2 hostile demons
  5736 | D:1      | Noticed a chaos spawn
  5746 | D:2      | XOM: silly message
  6226 | D:1      | XOM: stat loss: -1 Str (12/13)
  6246 | D:1      | XOM: stat loss: -1 Dex (10/12)
  6275 | D:1      | XOM: cloud trail
  6608 | D:1      | XOM: summons 2 hostile demons
  6775 | D:2      | XOM: 3-stop teleportation journey
  6800 | D:1      | XOM is BORED!
  6800 | D:1      | XOM: give mutations
  6800 | D:1      | Gained mutation: You occasionally shout uncontrollably at
                  | your foes. [Xom's mischief]
  6800 | D:1      | Gained mutation: You have hidden genetic potential. [Xom's
                  | mischief]
  6800 | D:1      | Gained mutation: You possess an exceptional clarity of
                  | mind. [Xom's mischief]
  6800 | D:1      | Lost mutation: You have hidden genetic potential. [Xom's
                  | mischief]
  6800 | D:1      | Gained mutation: You are somewhat resistant to further
                  | mutation. [Xom's mischief]
  7036 | D:1      | XOM: scenery: 1 doors open, 1 doors close
  7199 | D:1      | XOM: god gift: 50 gold pieces
  7486 | D:1      | XOM: god gift: 51 gold pieces
  7746 | D:1      | XOM: give mutations
  7746 | D:1      | Gained mutation: Your spells are a little harder to cast,
                  | but a little more powerful. [Xom's grace]
  7746 | D:1      | Gained mutation: You are partially covered in large bone
                  | plates. (SH +4) [Xom's grace]
  7874 | D:1      | XOM: god gift: 12 gold pieces
  8164 | D:1      | XOM: god gift: 2 stones
  9228 | D:1      | XOM: give mutation
  9228 | D:1      | Gained mutation: You are weak. (Str -2) [Xom's mischief]
  9305 | D:1      | XOM: summons 2 hostile demons
  9306 | D:1      | Noticed a red devil
  9306 | D:1      | Noticed a chaos spawn
  9474 | D:2      | XOM: summons 2 hostile demons
  9476 | D:1      | XOM: draining
  9679 | D:1      | XOM: summons 2 hostile demons
  9725 | D:2      | XOM: draining
 10980 | D:1      | Glimpsed the power of Zot.
 10981 | D:1      | Quit the game

Illustrated notes

Levels and vault maps discovered:
D:1:      lemuel_arrival_broad_hall, layout_basic,
          ebering_ecumenical_altar_abandoned, hangedman_abyss_or_decor_stabs
D:2:      layout_basic, hangedman_glass_teeth, serial_bayou_pond_c

Skill      XL: |  1  2 |
---------------+-------+-----
Long Blades    | 3 |  3.2
Fighting       | |  3.3
Armour         | |  1.2
Dodging        | |  2.4
Spellcasting   | |  0.4
Conjurations   | |  0.4
Hexes          | |  0.4
Summonings     | |  0.4
Necromancy     | |  0.4
Translocations | |  0.4
Transmutations | |  0.4
Fire Magic     | |  0.4
Ice Magic      | |  0.4
Air Magic      | |  0.4
Earth Magic    | |  0.4
Poison Magic   | |  0.4

Action                     || total
---------------------------++-------
  Melee: Falchion          ||    92
 Armour: Leather armour    ||    56
  Dodge: Dodged            ||    93

Table legend: (Time is in decaauts)
 A = Elapsed time spent in this place.
 B = Non-inter-level travel time spent in this place.
 C = Inter-level travel time spent in this place.
 D = Time resting spent in this place.
 E = Time spent auto-exploring this place.
 F = Levels seen in this place.
 G = Mean time per level.
                   A        B        C        D        E       F      G
               +--------+--------+--------+--------+--------+-----+--------+
         Total |  11000 |  10939 |     61 |  10020 |    644 |   2 | 5500.0 |
       Dungeon |  11000 |  10939 |     61 |  10020 |    644 |   2 | 5500.0 |
               +--------+--------+--------+--------+--------+-----+--------+

Top non-repeatable levels by time:
     D:1: 9553 daAuts
     D:2: 1447 daAuts
